Match 46592937
Unlisted

Match 46592937
End
Kradschützen Motorcycle Team
Selects Battlefield Espionage Battlegroup
Selects Sector Subterfuge Beacon
Panzergrenadier Squad
Panzergrenadier Squad
Panzergrenadier Squad
Construct Light Support Kompanie
2.5-tonne Medical Truck
Panzerjäger Mechanized Group
MG34 Team
Combat Half-tracks
Construct Mechanized Kompanie
8 Rad Armored Car
Assault Mechanized Group
Dark Lord Cthulhu
Desert Fox
0
0

Comments sign in to comment!

No comments posted yet!